Map: 뉴 리퍼그넌시 - 래더

Players

TSGSolar (Solar)

  • Race: Zerg Zerg
  • Spawn Location: 1:00

Reynor - Winner!

  • Race: Zerg Zerg
  • League: Master
  • Spawn Location: 7:00

Event: HomeStory Cup XIX

VOD

Have the link to the VOD?

Description

Time

  • Played on: June 27, 2019, 7:56 a.m.
  • Length: 4:38

All games in this series

Show
View Real Time Build Order
Export as new Build Order

TSGSolar Zerg 

Build Orders: Hatch First 

Get SALT Encoding   

  12  0:01  Drone  
  13  0:12  Overlord  
  13  0:17  Drone  
  14  0:31  Drone x2  
  16  0:49  Hatchery  
  15  0:52  Drone  
  15  0:55  Drone  
  17  0:58  Drone  
  18  1:09  Extractor  
  17  1:14  Spawning Pool  
  17  1:17  Drone  
  17  1:21  Drone  
  18  1:27  Drone  
  19  1:38  Drone  
  20  1:48  Overlord  
  20  2:00  Queen x2  
  24  2:02  Drone x2  
  26  2:10  Metabolic Boost  
  26  2:11  Drone  
  26  2:12  Drone  
  28  2:24  Drone x2  
  30  2:33  Zergling x2  
  30  2:36  Hatchery  
  30  2:40  Drone  
  31  2:49  Baneling Nest  
  31  2:50  Drone  
  31  2:53  Overlord  
  31  2:55  Zergling x2  
  31  2:56  Drone  
  33  3:05  Zergling x2  
  34  3:07  Drone  
  34  3:09  Drone  
  34  3:12  Zergling x2  
  37  3:13  Drone x2  
  37  3:15  Zergling x2  
  37  3:16  Drone  
  37  3:19  Drone  
  42  3:31  Evolution Chamber  
  42  3:32  Baneling, Overlord  
  42  3:33  Drone x2  
  43  3:39  Drone  
  44  3:44  Overlord  
  44  3:48  Queen  
  45  3:49  Zergling x2  
  45  3:51  Drone x3  
  49  3:56  Roach Warren  
  49  3:57  Drone x2  
  50  4:08  Zergling x6  
  50  4:13  Zergling x2  
  50  4:14  Zergling x8  
  50  4:15  Zergling x2  
  50  4:16  Zergling x4  
  57  4:21  Zergling x4  
Show
View Real Time Build Order
Export as new Build Order

Reynor Zerg - Winner!

Build Orders: Hatch First 

Get SALT Encoding   

  12  0:00  Drone  
  13  0:12  Overlord  
  13  0:16  Drone  
  14  0:30  Drone x2  
  16  0:48  Hatchery  
  15  0:51  Drone  
  15  0:55  Drone  
  17  0:58  Drone  
  18  1:08  Extractor  
  17  1:14  Spawning Pool  
  17  1:17  Drone  
  17  1:21  Drone  
  18  1:28  Drone  
  19  1:39  Drone  
  20  1:49  Overlord  
  20  2:00  Queen  
  20  2:01  Drone x2, Queen  
  24  2:08  Metabolic Boost  
  26  2:11  Zergling x2  
  26  2:13  Drone  
  28  2:20  Drone  
  28  2:22  Drone  
  30  2:32  Drone  
  31  2:40  Hatchery  
  31  2:41  Drone  
  31  2:49  Baneling Nest  
  31  2:51  Drone x2  
  31  2:56  Evolution Chamber  
  31  2:59  Overlord  
  31  3:03  Drone  
  32  3:10  Drone  
  32  3:11  Zergling x6  
  36  3:15  Overlord  
  36  3:18  Drone  
  37  3:25  Zergling x2  
  37  3:26  Zergling x2  
  39  3:29  Zergling x2  
  39  3:31  Zergling x2  
  41  3:35  Zergling x2  
  41  3:38  Baneling  
  41  3:39  Overlord  
  41  3:41  Zergling x2  
  43  3:48  Zergling x8  
  46  3:58  Baneling x3  
  46  4:00  Zergling x8  
  48  4:10  Zergling x8  
  48  4:15  Zergling x2  
  53  4:18  Zergling x6  
  53  4:19  Baneling x2  
Tags
 
Add a new tag
Caveats
  • Supply blocks, unpowered buildings, or Contaminate may cause inaccurate times.
  • Supply counts are checked every 10 seconds.